 Dungeon Crawl Stone Soup version 0.29.1-2-gbd0b4ee654 (webtiles) character file.

Game seed: 9651268581814516248

9800 KittyFluff the Basher (level 11, -3/103 HPs)
             Began as a Gargoyle Berserker on Oct 28, 2022.
             Was a High Priest of Trog.
             Slain by a yak (8 damage)
             ... on level 9 of the Dungeon.
             The game lasted 01:02:57 (11970 turns).

KittyFluff the Basher (Gargoyle Berserker)         Turns: 11970, Time: 01:02:58

Health: -3/103     AC: 15    Str: 21    XL:     11   Next: 52%
Magic:  11/11      EV: 14    Int:  8    God:    Trog [*****.]
Gold:   598        SH:  5    Dex: 13    Spells: 10/10 levels left

rFire   . . .      SeeInvis .   q - +0 demon whip (venom)
rCold   . . .      Faith    .   (no shield)
rNeg    + . .      Spirit   .   j - +0 troll leather armour
rPois   ∞          Reflect  +   (no helmet)
rElec   +          Harm     .   c - +0 cloak
rCorr   .          Rampage  .   (no gloves)
Will    +....                   m - +0 pair of boots
Stlth   ..........              a - amulet of reflection
HPRegen 1.07/turn               d - +4 ring of slaying
MPRegen 0.12/turn               G - ring of willpower

@: berserking, very quick
A: sickness immunity, AC +8, negative energy resistance 1, electricity
resistance, torment resistance 1, petrification resistance
a: Renounce Religion, Berserk, Trog's Hand, Brothers in Arms


You were on level 9 of the Dungeon.
You worshipped Trog.
Trog was extremely pleased with you.
You visited 1 branch of the dungeon, and saw 10 of its levels.
You also visited: Sewer.

You collected 598 gold pieces.

Inventory:

Hand Weapons
 f - a +1 flail of freezing
 q - a +0 demon whip of venom (weapon)
 t - a +0 sling
 B - a +1 whip of freezing
 D - a +0 shortbow
 E - a +1 mace
 K - a +0 dire flail
 L - a +2 flail of protection
 O - a +0 morningstar
Missiles
 l - 12 boomerangs (quivered)
 v - 18 poisoned darts
 F - 6 silver javelins
Armour
 c - a +0 cloak (worn)
 j - a +0 troll leather armour (worn)
 m - a +0 pair of boots (worn)
 n - a +2 robe of fire resistance
 o - a +2 robe of positive energy
 N - a +2 ring mail of poison resistance
Magical Staves
 e - a staff of earth
Jewellery
 a - an amulet of reflection (around neck)
 d - a +4 ring of slaying (left hand)
 k - a ring of fire
 p - a ring of fire
 G - a ring of willpower (right hand)
Wands
 C - a wand of quicksilver (18)
 I - a wand of roots (6)
Scrolls
 b - 2 scrolls of immolation
 h - 4 scrolls of teleportation
 i - a scroll of brand weapon
 r - a scroll of enchant armour
 u - 5 scrolls of fog
 w - 3 scrolls of blinking
 y - 2 scrolls of enchant weapon
 J - a scroll of identify
Potions
 g - 2 potions of haste
 x - 2 potions of might
 z - 6 potions of curing
 A - 2 potions of mutation
 H - a potion of berserk rage


   Skills:
 + Level 8.7 Fighting
 + Level 11.6 Maces & Flails
 + Level 1.3 Throwing
 + Level 6.8 Armour
 + Level 6.3 Dodging
 + Level 4.6 Stealth
 + Level 2.3 Shields
 + Level 4.1 Evocations


You had 10 spell levels left.
You didn't know any spells.
Your spell library was empty.

Dungeon Overview and Level Annotations

Branches:
Dungeon (10/15)            Temple (0/1) D:4            Lair (0/5) D:10
  Sewer (visited)
    Orc: D:9-12

Altars:
Cheibriados
Okawaru
Trog
Zin

Shops:
D:5 *


Innate Abilities, Weirdness & Mutations

You are immune to sickness and miasma.
Your stone body is resilient. (AC +8)
You are immune to poison.
You resist negative energy. (rN+)
You are resistant to electric shocks. (rElec)
You are resistant to unholy torment.
You are immune to petrification.


Message History

You whack Urug!
Urug is lightly wounded.
The yak barely misses you. The yak gores you but does no damage.
Urug barely misses you.
You closely miss Urug.
Urug is lightly wounded.
You barely miss Urug.
Urug is lightly wounded.
You closely miss Urug.
Urug is lightly wounded.
The yak gores you. The yak barely misses you.
Urug hits you with a +2 double sword!!
You hit Urug.
Urug is poisoned.
Urug is lightly wounded.
You thrash Urug!!
Urug looks as sick as possible!
Urug is heavily wounded.
Urug hits you with a +2 double sword!!
* * * LOW HITPOINT WARNING * * *
The yak gores you.
* * * LOW HITPOINT WARNING * * *
You block the yak's attack.
You are too berserk!
You barely miss Urug.
Urug is heavily wounded.
You whack Urug!
Urug looks as sick as possible!
Urug is severely wounded.
You whack Urug!
Urug is almost dead.
Urug hits you with a +2 double sword.
* * * LOW HITPOINT WARNING * * *
The yak gores you but does no damage. The yak closely misses you.
You thrash Urug!!
You kill Urug!
Trog accepts your kill.
You hit the yak.
The yak is poisoned.
The yak is lightly wounded.
You thrash the yak!!
The yak looks as sick as possible!
The yak is severely wounded.
The yak gores you!
You die...

########## #.....# ###
###...#### #.....######)##
#........# #.[........)#.##
#........# #.....####.###.##
#..#.##..###.....####.####)##
#..#.##........#...#8.8####.#
#..#.##.##########.........##
####............#######8.8##.##
...........###.)@Y.# ##.##.##
....###.#.####.Y..># #...##
.....#....##.......# ###.#
..........##.#.....# #.#
#.........##.#.....# #.#
................#### ###.#
##.#.#...###.#### #...##
#.#.........#### ##.#..#
#.####.#....†..#######..##.#


You could see 2 yaks.

Vanquished Creatures
  A two-headed ogre (D:9)
  Urug (D:9)
  Amaemon (D:9)
  Pikel (D:4)
  Maurice (D:9)
  An orange demon (D:9)
  An unseen horror (D:9)
  2 trolls (D:9)
  A hornet (D:9)
  Sigmund (D:5)
  2 wyverns
  2 vampire mosquitoes (D:8)
  Grum (D:9)
  An acid dragon (D:9)
  3 black bears
  3 orc warriors (D:9)
  An ice beast (D:5)
  4 sky beasts
  2 wolves (D:9)
  3 ogres
  6 centaurs
  A phantom (D:7)
  4 necrophages
  A gnoll sergeant (D:9)
  3 scorpions
  7 bullfrogs
  12 wights
  12 killer bees
  4 howler monkeys
  4 orc priests
  6 hounds
  3 jellies
  2 gnoll boudas
  Jessica (D:2)
  An iguana (D:6)
  4 orc wizards
  9 adders
  13 gnolls
  A river rat (D:3)
  A shadow imp (D:7)
  A white imp (D:7)
  3 ufetubi (D:5)
  5 worms
  2 dart slugs (D:2)
  26 orcs
  11 ball pythons
  6 endoplasms
  9 giant cockroaches
  4 goblins
  7 hobgoblins
  4 jackals (D:1)
  7 kobolds
  6 quokkas
  6 bats
  8 frilled lizards
  4 rats
237 creatures vanquished.

Notes
Turn   | Place    | Note
-------+----------+-------------------------------------------
     0 | D:1      | KittyFluff the Gargoyle Berserker began the quest for the
                  | Orb.
     0 | D:1      | Reached XP level 1. HP: 14/14 MP: 1/1
   109 | D:1      | Reached XP level 2. HP: 18/19 MP: 2/2
  1082 | D:1      | Found a faded altar of an unknown god.
  1407 | D:2      | Reached XP level 3. HP: 15/24 MP: 3/3
  1766 | D:2      | Noticed Jessica
  1772 | D:2      | Killed Jessica
  1773 | D:2      | Reached skill level 4 in Maces & Flails
  1773 | D:2      | Reached XP level 4. HP: 20/29 MP: 4/4
  2087 | D:2      | Reached ** piety under Trog
  2370 | D:2      | You fall into a shaft and drop 1 floor!
  2586 | D:3      | Reached XP level 5. HP: 33/33 MP: 5/5
  2738 | D:3      | Found a glowing drain.
  2742 | Sewer    | Entered a sewer
  2961 | Sewer    | Reached skill level 5 in Maces & Flails
  2961 | Sewer    | Reached skill level 1 in Stealth
  3007 | Sewer    | Reached XP level 6. HP: 22/39 MP: 6/6
  3195 | Sewer    | Reached *** piety under Trog
  4348 | D:4      | Found a bloodstained altar of Trog.
  4431 | D:4      | Reached XP level 7. HP: 41/44 MP: 7/7
  4446 | D:4      | Reached skill level 6 in Maces & Flails
  4585 | D:4      | Reached skill level 5 in Fighting
  4588 | D:4      | Noticed Pikel
  4601 | D:4      | Killed Pikel
  4602 | D:4      | Reached skill level 7 in Maces & Flails
  4602 | D:4      | Reached XP level 8. HP: 35/50 MP: 8/8
  4773 | D:4      | Found a staircase to the Ecumenical Temple.
  5154 | D:5      | Entered Level 5 of the Dungeon
  5240 | D:4      | Reached skill level 5 in Armour
  5254 | D:4      | Reached skill level 8 in Maces & Flails
  5559 | D:5      | Reached XP level 9. HP: 30/55 MP: 9/9
  5908 | D:5      | Found Sioz's Assorted Antiques.
  5994 | D:5      | Noticed Sigmund
  6009 | D:5      | Killed Sigmund
  6373 | D:5      | Reached skill level 9 in Maces & Flails
  6443 | D:5      | Reached **** piety under Trog
  7785 | D:7      | Reached XP level 10. HP: 63/63 MP: 10/10
  7807 | D:7      | Reached skill level 1 in Evocations
  8044 | D:7      | Reached skill level 10 in Maces & Flails
  8130 | D:7      | Found a snail-covered altar of Cheibriados.
  8203 | D:7      | Found an iron altar of Okawaru.
  9125 | D:8      | Found a glowing silver altar of Zin.
  9505 | D:8      | Reached skill level 5 in Dodging
  9802 | D:9      | Noticed Amaemon
 11077 | D:9      | Killed an unseen horror
 11078 | D:9      | Reached skill level 11 in Maces & Flails
 11120 | D:9      | Noticed Maurice
 11193 | D:9      | Killed Maurice
 11194 | D:9      | Reached XP level 11. HP: 68/68 MP: 11/11
 11225 | D:9      | Noticed a two-headed ogre
 11255 | D:9      | Killed a two-headed ogre
 11256 | D:9      | Reached skill level 1 in Throwing
 11534 | D:9      | Noticed Grum
 11560 | D:9      | Killed Grum
 11561 | D:9      | Reached skill level 1 in Shields
 11619 | D:9      | Reached ***** piety under Trog
 11784 | D:10     | Entered Level 10 of the Dungeon
 11784 | D:10     | Found a staircase to the Lair.
 11804 | D:10     | Noticed Urug
 11908 | D:9      | Killed Amaemon
 11964 | D:9      | HP: 3/103 [yak (6)]
 11968 | D:9      | Killed Urug
 11970 | D:9      | Slain by a yak

Illustrated notes

Levels and vault maps discovered:
D:1:      dpeg_arrival_boxorama, layout_basic,
          dreamdust_ecumenical_altar_angels_and_demons
D:2:      layout_basic, minmay_diced_spiral, uniq_natasha, uniq_jessica
D:3:      layout_loops_ring, gup_sewer_entry_spiral
D:4:      layout_rooms, lightli_temple_of_fire, temple_green, uniq_pikel
D:5:      minmay_evil_eye, layout_basic, serial_shops,
          nicolae_shop_behind_doors, sigmund_army, uniq_sigmund
D:6:      layout_rooms, minmay_misc_feat_chi
D:7:      layout_layer_cave, nicolae_overflow_hidden_temple,
          mainiacjoe_overflow_surrounded_room
D:8:      layout_basic, lemuel_doored_altar
D:9:      layout_loops_cross, palyth_stone_intersect, small_statue_intersection,
          minmay_fractal_squares_gapless_5, uniq_maurice, uniq_grum,
          uniq_amaemon
D:10:     minmay_twisted_water, layout_rooms, amcnicky_altar_gilded, uniq_urug

Skill      XL: |  1  2  3  4  5  6  7  8  9 10 11 |
---------------+----------------------------------+-----
Fighting       | 4 5 6 7 8 |  8.7
Maces & Flails | 4 5 7 8 9 11 | 11.6
Dodging        | 2 3 4 5 6 |  6.3
Stealth        | 1 2 4 |  4.6
Armour         | 3 4 5 6 |  6.8
Evocations     | 3 4 |  4.1
Throwing       | 1 |  1.3
Shields        | 2 |  2.3

Action                   |  1- 3 |  4- 6 |  7- 9 | 10-12 || total
-------------------------+-------+-------+-------+-------++-------
Melee: Mace              |    66 |   160 |    79 |       ||   305
       Punch             |       |     1 |     2 |     3 ||     6
       Flail             |       |       |   187 |   321 ||   508
       Demon whip        |       |       |       |    12 ||    12
Throw: Dart              |       |     3 |       |       ||     3
       Boomerang         |       |       |       |     4 ||     4
Invok: Berserk           |       |     1 |     5 |     2 ||     8
  Use: Scroll            |       |     2 |    11 |     2 ||    15
 Stab: Sleeping          |       |       |       |     4 ||     4
       Distracted        |       |       |       |     1 ||     1
Armor: Animal skin       |    28 |       |       |       ||    28
       Robe              |       |    73 |   105 |    53 ||   231
       Troll leather arm |       |       |       |    92 ||    92
Dodge: Dodged            |    33 |   105 |   168 |   261 ||   567
Block: Other             |       |       |       |    46 ||    46
       Reflection        |       |       |       |     1 ||     1
